 Dungeon Crawl Stone Soup version 0.17-a0-1804-gf6433eb (webtiles) character file.

208 luca467 the Insei (level 5, -3/42 HPs)
             Began as a Demonspawn Monk on Sept 11, 2015.
             Slain by Purgy the centaur (4 damage)
             ... in a sewer.
             The game lasted 00:15:19 (2685 turns).

luca467 the Insei (Demonspawn Monk)                 Turns: 2685, Time: 00:15:19

Health: -3/42      AC:  2    Str: 11    XL:     5   Next: 55%
Magic:  5/5        EV: 14    Int: 11    God:
Gold:   138        SH:  0    Dex: 17    Spells: 0 memorised, 4 levels left

rFire  . . .     SeeInvis .       - Unarmed
rCold  + . .     Clarity  .     a - +0 robe
rNeg   . . .     SustAt   .     (no shield)
rPois  .         Gourm    .     (no helmet)
rElec  .         Spirit   .     n - -1 cloak (curse)
rCorr  .         Warding  .     (no gloves)
rMut   .         Stasis   .     (no boots)
MR     .....                    (no amulet)
Stlth  +++.......               (no ring)
                                p - ring of protection from cold

@: flying, not resistant to hostile enchantments, fairly stealthy
A: talons 2, nightstalker 1, powered by death 1
a: no special abilities


You were in a sewer.
You were not hungry.

You visited 1 branch of the dungeon, and saw 3 of its levels.
You also visited: Sewer.

You collected 138 gold pieces.

Inventory:

Armour
 a - a +0 robe (worn)
 n - a cursed -1 cloak (worn)
Jewellery
 c - a cursed -3 ring of slaying {unknown}
 p - a ring of protection from cold (left hand)
Magical devices
 h - a wand of polymorph (4)
 j - a wand of frost (22)
Scrolls
 f - a scroll of teleportation
 i - a scroll of recharging {unknown}
 l - 2 scrolls of fog
 m - a scroll of random uselessness
 o - 2 scrolls of fear {unknown}
Potions
 d - 3 potions of flight
 e - a potion of haste
 g - a potion of magic {unknown}
 k - a potion of brilliance
 r - 2 potions of curing {unknown}
Comestibles
 b - 4 bread rations
 q - 2 fruits


   Skills:
 + Level 4.1 Fighting
 + Level 3.7 Dodging
 - Level 1.7 Stealth
 * Level 5.0 Unarmed Combat


You had 4 spell levels left.
You didn't know any spells.

Dungeon Overview and Level Annotations

Branches:
Dungeon (3/15)

Altars:

Annotations:
Sewer Purgy


Innate Abilities, Weirdness & Mutations

You have razor-sharp toenails.
You are slightly more attuned to the shadows.
You regenerate a little health from kills.


Message History

Purgy is moderately wounded.
Purgy barely misses you. Purgy hits you!
You closely miss Purgy.
Purgy is moderately wounded.
Purgy hits you.
You barely miss Purgy.
Purgy is moderately wounded.
Purgy barely misses you. Purgy hits you. Purgy misses you.
Purgy completely misses you. Purgy hits you!
* * * LOW HITPOINT WARNING * * *
Purgy hits you.
* * * LOW HITPOINT WARNING * * *
Purgy hits you.
* * * LOW HITPOINT WARNING * * *
It was a potion of flight.
You feel very buoyant.
You fly up into the air.
Purgy completely misses you. Purgy barely misses you. Purgy hits you.
You die...

≈≈≈.≈##
#..≈≈≈≈≈≈≈≈≈≈≈
≈≈.###
##.##.≈≈≈≈≈≈≈≈
≈≈≈..#
###.≈≈≈≈≈≈≈≈≈
.##### ###.≈≈≈≈≈≈≈
.## #.≈≈≈≈≈≈≈ ≈.#
##.≈≈≈≈≈≈ ≈∩# #####
#≈≈≈≈≈≈≈≈ ≈∩#
#...#######≈≈≈≈≈≈≈≈
≈##
#.∩≈≈≈≈c@≈.≈≈≈≈≈≈≈≈
##
#...#######≈≈≈≈≈≈≈≈
.# ##### #.≈≈≈≈≈≈≈≈
## #.≈≈≈≈≈≈≈≈ #
##≈≈≈≈≈≈≈ ####
####.≈≈≈≈≈≈≈ ...##
##...≈≈≈≈≈≈≈≈ ≈≈≈≈#
#####≈.≈≈≈≈≈≈≈≈≈≈
≈≈≈.####
#..≈≈≈≈≈≈≈≈≈≈≈≈≈#


You could see Purgy the centaur.

Vanquished Creatures
  An orc wizard (D:3)
  Ijyb (D:2)
  Natasha (D:2)
  A gnoll (D:2)
  5 adders
  3 worms
  3 giant geckos (D:3)
  2 orcs (D:3)
  5 hobgoblins
  8 kobolds
  4 ball pythons (Sewer)
  4 bats (D:1)
  3 giant cockroaches
  A giant gecko skeleton (D:3)
  5 giant newts
  13 goblins
  7 rats
67 creatures vanquished.

Notes
Turn   | Place    | Note
--------------------------------------------------------------
     0 | D:1      | luca467 the Demonspawn Monk began the quest for the Orb.
     0 | D:1      | Reached XP level 1. HP: 18/18 MP: 1/1
   374 | D:1      | Gained mutation: You have sharp toenails. [demonic ancestry]
   374 | D:1      | Reached XP level 2. HP: 24/24 MP: 2/2
   878 | D:2      | Reached skill level 4 in Unarmed Combat
  1264 | D:2      | Noticed Ijyb
  1281 | D:2      | Killed Ijyb
  1281 | D:2      | Gained mutation: You regenerate a little health from kills. [demonic ancestry]
  1281 | D:2      | Reached XP level 3. HP: 27/29 MP: 3/3
  1418 | D:2      | Gained mutation: You are slightly more attuned to the shadows. [demonic ancestry]
  1418 | D:2      | Reached XP level 4. HP: 3/36 MP: 4/4
  1805 | D:2      | Noticed Natasha
  1810 | D:2      | Killed Natasha
  2061 | D:3      | Gained mutation: You have razor-sharp toenails. [demonic ancestry]
  2061 | D:3      | Reached XP level 5. HP: 29/42 MP: 5/5
  2191 | D:3      | Reached skill level 5 in Unarmed Combat
  2295 | D:3      | Found a glowing drain.
  2303 | Sewer    | Entered a sewer
  2356 | Sewer    | Noticed Purgy
  2673 | Sewer    | Noticed Purgy
  2673 | Sewer    | Purgy changed into Purgy the centaur
  2682 | Sewer    | HP: 2/42 [Purgy the centaur (2)]
  2685 | Sewer    | Slain by Purgy the centaur

Vault maps used:
D:1:      minmay_arrival_radiant_lines
D:2:      first_bread, hangedman_decor_opposing, uniq_natasha, uniq_iyjb,
          uniq_robin
D:3:      minitemple, gup_sewer_entry_bubbles
Sewer:    sewer_co_purgy_island

Action                   |  1- 3 |  4- 6 || total
-------------------------+-------+-------++-------
Melee: Unarmed           |   119 |   180 ||   299
Evoke: Wand              |       |     1 ||     1
  Use: Scroll            |     2 |     9 ||    11
       Potion            |       |     1 ||     1
 Stab: Sleeping          |     2 |     1 ||     3
  Eat: Chunk             |     1 |     5 ||     6
